cohdb
Replays
Latest Replays
All Replays
Popular Replays
Top Player Replays
Match Explorer
How It Works
Community
CoH3 Stats
Reddit
Sign in to upload your games and track your stats! →
Sign in with Steam
Match 43677450
Unlisted
Match 43677450
Overview
Messages
Build Orders
End
Selects Italian Coastal Battlegroup
Selects Coastal Reserves
Coastal Reserve
Construct Infanterie Kompanie
Grenadier Squad
GrW 34 Mortar Team
Grenadier Squad
Construct Panzergrenadier Kompanie
Selects Designate Defensive Line
Selects Rapid Fortifications
Rapid Fortifications
Medical Bunker
Pak 40 Anti-tank Gun Team
Support Elements
Selects Artillery Officer
StuG III G Assault Gun
STEVEBUSMILK
Onefiveseven
0
0
Comments
sign in to comment!
No comments posted yet!